 Dungeon Crawl Stone Soup version 0.21-a0-225-g207ae17 (console) character file.

158 Akra the Cutter (level 5, -3/27 HPs)
             Began as a Vine Stalker Fighter on Aug 28, 2017.
             Slain by yrara's ghost (7 damage)
             ... on level 3 of the Dungeon.
             The game lasted 00:06:38 (2013 turns).

Akra the Cutter (Vine Stalker Fighter)              Turns: 2013, Time: 00:06:39

Health: -3/27      AC:  6    Str: 19    XL:     5   Next: 40%
Magic:  0/6        EV:  7    Int:  8    God:
Gold:   179        SH: 12    Dex: 14    Spells: 4/4 levels left

rFire    + . .     SeeInvis .   a - +0 rapier
rCold    + . .     Gourm    .   c - +0 shield
rNeg     . . .     Faith    .   b - +0 scale mail
rPois    .         Spirit   +   (no helmet)
rElec    .         Reflect  +   g - scarf {rC+ rF+}
rCorr    .         Harm     .   (no gloves)
MR       .....                  (no boots)
Stlth    ..........             n - +3 amulet of reflection
HPRegen  0.49/turn              (no ring)
MPRegen  0.10/turn              (no ring)

@: no status effects
A: fangs 2, regeneration 1, magic shield, antimagic bite, no potion heal 3, rot
immunity
a: no special abilities


You were on level 3 of the Dungeon.
You were not hungry.

You visited 1 branch of the dungeon, and saw 3 of its levels.

You collected 179 gold pieces.

Inventory:

Hand Weapons
 a - a +0 rapier (weapon)
 l - a cursed -2 dagger
Armour
 b - a +0 scale mail (worn)
 c - a +0 shield (worn)
 g - a scarf of resistance (worn)
Jewellery
 n - a +3 amulet of reflection (around neck)
Scrolls
 j - a scroll of recharging {unknown}
 k - 2 scrolls of enchant armour
 m - 2 scrolls of remove curse
 o - a scroll of identify
 q - a scroll of teleportation
Potions
 d - 5 potions of might
 e - a potion of magic {unknown}
 h - a potion of heal wounds {unknown}
 i - a potion of haste {unknown}
Comestibles
 f - 2 bread rations
 p - 12 fruits


   Skills:
 - Level 2.6 Fighting
 * Level 3.6 Short Blades
 + Level 3.2 Armour
 + Level 3.5 Shields


You had 4 spell levels left.
You didn't know any spells.

Dungeon Overview and Level Annotations

Branches:
Dungeon (3/15)

Altars:
Wu Jian

Annotations:
D:3 yrara's ghost, amateur DsGl


Innate Abilities, Weirdness & Mutations

You have extremely sharp teeth.
Your natural rate of healing is unusually fast.
When hurt, damage is shared between your health and your magic reserves.
Your bite disrupts and absorbs the magic of your enemies.
Potions cannot restore your health.
You are immune to rotting.


Message History

Yrara's ghost is almost destroyed.
Yrara's ghost hits you!
* * * LOW HITPOINT WARNING * * *
You block yrara's ghost's attack.
You hit yrara's ghost but do no damage.
You bite yrara's ghost, but do no damage.
Yrara's ghost is almost destroyed.
Yrara's ghost barely misses you.
You hit yrara's ghost. You bite yrara's ghost. You drain its power.
You feel invigorated.
Yrara's ghost is almost destroyed.
You block yrara's ghost's attack.
You hit yrara's ghost but do no damage.
You bite yrara's ghost, but do no damage.
Yrara's ghost is almost destroyed.
You block yrara's ghost's attack.
You hit yrara's ghost but do no damage.
You bite yrara's ghost, but do no damage.
Yrara's ghost is almost destroyed.
Yrara's ghost hits you!
You die...

#.#. #.# .... ....
###.#.###.##..# #..#
....... ......# #..#
#....##.....# #..#
.##.....#.##..######..#
..............#...##..#
........!)....#...##..##
.......................#
......................<#
......#.....#.......##.#
....(.#####@#.#.<.####.#
..###. #W#.#...## #.# ..
#. ####.#......###.#
..............##.#
.................#
#.....#.......####
.............##
....#.###...## ...##.
##..# #.# # ##.# #.#


You could see yrara's ghost.

Vanquished Creatures
  Natasha (thrice) (D:2)
  2 adders
  A dart slug (D:1)
  4 leopard geckos
  9 giant cockroaches
  6 goblins
  6 hobgoblins
  8 jackals
  6 kobolds
  A quokka (D:2)
  3 bats
  4 frilled lizards
  3 rats
56 creatures vanquished.

Notes
Turn   | Place    | Note
-------+----------+-------------------------------------------
     0 | D:1      | Akra the Vine Stalker Fighter began the quest for the Orb.
     0 | D:1      | Reached XP level 1. HP: 11/11 MP: 2/2
   150 | D:1      | Reached XP level 2. HP: 15/16 MP: 3/3
   447 | D:1      | Reached XP level 3. HP: 8/19 MP: 4/4
  1051 | D:2      | Noticed Natasha
  1063 | D:2      | Killed Natasha
  1063 | D:2      | Gained mutation: Your natural rate of healing is unusually fast. [Vine Stalker growth]
  1063 | D:2      | Reached XP level 4. HP: 2/23 MP: 5/5
  1144 | D:2      | Noticed Natasha
  1153 | D:2      | Killed Natasha
  1164 | D:2      | Found an ornate altar of the Wu Jian Council.
  1181 | D:2      | Noticed Natasha
  1192 | D:2      | Killed Natasha
  1228 | D:2      | Reached XP level 5. HP: 27/27 MP: 6/6
  1994 | D:3      | Noticed yrara's ghost (amateur DsGl)
  2013 | D:3      | Slain by yrara's ghost

Vault maps used:
D:1:      dpeg_arrival_shrine
D:2:      lemuel_doored_altar, first_bread, dk_vineyard_2, uniq_natasha
D:3:      grunt_temple_overflow_open

Skill      XL: |  1  2  3  4 |
---------------+-------------+-----
Short Blades   | 2 3 |  3.6
Shields        | 3 |  3.5
Armour         | 3 |  3.2
Fighting       | |  2.6

Action                   |  1- 3 |  4- 6 || total
-------------------------+-------+-------++-------
Melee: Rapier            |    70 |   119 ||   189
       Bite              |    24 |    39 ||    63
  Use: Scroll            |     4 |       ||     4
  Eat: Chunk             |       |     4 ||     4
Armor: Scale mail        |    41 |    37 ||    78
Dodge: Dodged            |    30 |    28 ||    58
Block: Shield            |    38 |    88 ||   126
       Reflection        |     3 |     6 ||     9

Table legend:
 A = Spawn XP
 B = Non-spawn XP
 C = Spawn XP percentage of total XP
 D = Spawn monster count
 E = Non-spawn monster count
 F = Spawn count percentage of total count
 G = Total turns spent on level
                    A         B        C        D         E        F      G
               +---------+---------+-------+---------+---------+-------+---------
         Total |      12 |     215 |   5.3 |       8 |      48 |  14.3 |  2013
               +---------+---------+-------+---------+---------+-------+---------
           D:1 |       8 |      38 |  17.4 |       4 |      18 |  18.2 |   954
           D:2 |       3 |     154 |   1.9 |       3 |      23 |  11.5 |   957
           D:3 |       1 |      23 |   4.2 |       1 |       7 |  12.5 |   102
               +---------+---------+-------+---------+---------+-------+---------
